 Dungeon Crawl Stone Soup version 0.32-a0-834-geaf45d8e21 (webtiles) character file.

Game seed: 1888129568944313536

74 AstroCodex24 the Covered (level 3, -1/31 HPs)
             Began as a Demigod Fighter on Mar 26, 2024.
             Slain by an orc wizard
             ... wielding a +0 dagger
              (2 damage)
             ... on level 4 of the Dungeon.
             The game lasted 00:02:46 (624 turns).

AstroCodex24 the Covered (Demigod Fighter)           Turns: 624, Time: 00:02:47

Health: -1/31      AC:  6    Str: 21    XL:     3   Next: 86%
Magic:  5/5        EV:  8    Int: 10    God:
Gold:   69         SH:  0    Dex: 13    Spells: 2/2 levels left

rFire   . . .        a - +0 war axe
rCold   . . .        c - +0 buckler
rNeg    . . .        b - +0 scale mail
rPois   .            (no helmet)
rElec   .            (no cloak)
rCorr   .            (no gloves)
SInv    .            (no boots)
Will    .....        (no amulet) Stlth
                     (no ring)
HPRegen 0.25/turn    (no ring)
MPRegen 0.09/turn

%: no passive effects
@: confused
A: high MP 1, forlorn, divine attributes
a: no special abilities


You were on level 4 of the Dungeon.
You visited 1 branch of the dungeon, and saw 4 of its levels.

You collected 69 gold pieces.

Inventory:

Hand Weapons
 a - a +0 war axe (weapon)
Armour
 b - a +0 scale mail (worn)
 c - a +0 buckler (worn)
Scrolls
 f - a scroll of vulnerability {unknown}
 g - a scroll of enchant weapon {unknown}
 i - a scroll of noise {unknown}
 j - a scroll of identify {unknown}
 l - a scroll of poison {unknown}
Potions
 d - a potion of might
 e - 2 potions of attraction {unknown}
 h - 2 potions of heal wounds {unknown}
 k - a potion of curing {unknown}


   Skills:
 + Level 3.2 Fighting
 + Level 2.5 Axes
 + Level 3.5 Armour
 + Level 0.1 Dodging
 + Level 2.9 Shields


You had 2 spell levels left.
You didn't know any spells.
Your spell library contained the following spells:

 Spells                   Type           Power      Damage    Failure   Level
 Magic Dart               Conj           0%         1d3       77%         1
 Searing Ray              Conj           0%         2d4       88%         2
 Fulminant Prism          Conj/Alch      0%         3d5       100%        4


Dungeon Overview and Level Annotations

Branches:
Dungeon (5/15)
 Temple: D:4-7


Innate Abilities, Weirdness & Mutations

You have an increased reservoir of magic. (+10% MP)
You shall have no god before yourself.
Your divine heritage dramatically boosts your attributes as you level up.


Message History

The scorpion stings you but does no damage.
You closely miss the scorpion. You closely miss the orc wizard.
You slash the orc wizard! You hit the orc.
You kill the orc!
The orc wizard hits you but does no damage.
The orc wizard gestures at you while chanting.
The magic dart hits you but does no damage.
The scorpion stings you. The orc wizard closely misses you.
The scorpion stings you.
* * * LOW HITPOINT WARNING * * *
The orc wizard gestures at you while chanting.
The magic dart hits you.
* * * LOW HITPOINT WARNING * * *
You closely miss the scorpion. You hit the orc wizard. x2
The scorpion completely misses you.
The orc wizard hits you but does no damage.
The orc wizard hits you with a +0 dagger.
* * * LOW HITPOINT WARNING * * *
You barely miss the scorpion. You hit the orc wizard. x2
The scorpion stings you but does no damage.
The orc wizard hits you but does no damage.
You block the orc wizard's attack.
The scorpion stings you but does no damage.
You slash the scorpion!
The scorpion is heavily wounded.
You closely miss the orc wizard. You miss the orc wizard.
The orc wizard hits you but does no damage.
The orc wizard casts a spell at you.
You are confused.
The scorpion barely misses you.
The orc wizard hits you but does no damage.
The orc wizard barely misses you.
The scorpion stings you but does no damage.
You completely miss the scorpion.
The scorpion is heavily wounded.
You miss the orc wizard. You closely miss the orc wizard.
The scorpion stings you.
* * * LOW HITPOINT WARNING * * *
The orc wizard hits you with a +0 dagger.
You die...

## .# ###### .#
......#♣♣♣♣♣.##
......s.......##
....>.)@.......#
#######
......oo.......#
#......
...............#
#......
...............#
#......
...............#
#####.#
...............##
#..#
................#
#.##
......##........#
#.#
...######.......#
#.#


You could see a scorpion and 2 orc wizards.

Vanquished Creatures
  A jelly (D:4)
  3 adders
  An orc (D:4)
  A ball python (D:4)
  2 endoplasms (D:1)
  3 goblins
  A hobgoblin (D:2)
  3 jackals (D:4)
  A kobold (D:2)
  2 bats
  A frilled lizard (D:1)
  A rat (D:1)
20 creatures vanquished.

Notes
Turn   | Place    | Note
-------+----------+-------------------------------------------
     0 | D:1      | AstroCodex24 the Demigod Fighter began the quest for the
                  | Orb.
     0 | D:1      | Reached XP level 1. HP: 18/18 MP: 3/3
   318 | D:2      | Reached XP level 2. HP: 23/25 MP: 4/4
   382 | D:2      | You fall into a shaft and drop 2 floors!
   469 | D:4      | Reached XP level 3. HP: 30/31 MP: 5/5
   608 | D:5      | Entered Level 5 of the Dungeon
   608 | D:5      | Noticed a scorpion
   621 | D:4      | HP: 1/31 [orc wizard/+0 dagger (2)]
   624 | D:4      | Slain by an orc wizard

Illustrated notes

Levels and vault maps discovered:
D:1:      giann_bridges, layout_basic, serial_shops, shop,
          nicolae_shop_rolled_up, shop
D:2:      layout_basic, hellmonk_ecumenical_altar_pennies_from_heaven,
          serial_shops, shop, uniq_crazy_yiuf_cottage
D:4:      layout_rooms, marbit_many_paths, okawaru_ov_weapons_minmay,
          kennysheep_mini_moat
D:5:      layout_basic, minmay_temple_entry_grid, portal_sewer_entry_d,
          chequers_serial_rivers_large_a

Skill      XL: |  1  2 |
---------------+-------+-----
Axes           | 2 |  2.5
Armour         | 3 |  3.5
Fighting       | 3 |  3.2
Dodging        | |  0.1
Shields        | |  2.9

Action                     || total
---------------------------++-------
  Melee: War axe           ||    65
 Armour: Scale mail        ||    76
  Dodge: Dodged            ||    38
  Block: Buckler           ||    18

Table legend: (Time is in decaauts)
 A = Elapsed time spent in this place.
 B = Non-inter-level travel time spent in this place.
 C = Inter-level travel time spent in this place.
 D = Time resting spent in this place.
 E = Time spent auto-exploring this place.
 F = Levels seen in this place.
 G = Mean time per level.
                   A        B        C        D        E       F      G
               +--------+--------+--------+--------+--------+-----+--------+
         Total |    652 |    652 |      0 |      0 |      0 |   4 |  163.0 |
       Dungeon |    652 |    652 |      0 |      0 |      0 |   4 |  163.0 |
               +--------+--------+--------+--------+--------+-----+--------+

Top non-repeatable levels by time:
     D:1: 256 daAuts
     D:4: 247 daAuts
     D:2: 140 daAuts
     D:5: 8 daAuts
